 Dungeon Crawl Stone Soup version 0.27.1-33-g824d729ab1 (webtiles) character file.

Game seed: 834237095576913558

1190 zeram the Covert (level 8, 0/43 (50) HPs)
             Began as an Octopode Brigand on Dec 13, 2021.
             Slain by a wight (15 damage)
             ... on level 5 of the Dungeon.
             The game lasted 00:08:19 (5307 turns).

zeram the Covert (Octopode Brigand)                 Turns: 5307, Time: 00:08:20

HP:   0/43 (50)     AC:  3    Str: 11    XL:     8   Next: 43%
MP:   8/8           EV: 13    Int: 15    God:
Gold: 184           SH:  0    Dex: 13    Spells: 0/7 levels left

rFire    . . .     SeeInvis .   i - +2 dagger (vamp)
rCold    . . .     Faith    .   (no shield)
rNeg     . . .     Spirit   .   k - +2 hat
rPois    .         Reflect  .   l - amulet of regeneration
rElec    .         Harm     .   (no ring)
rCorr    .         Rampage  .   (no ring)
Will     .....                  (no ring)
Stlth    ++++++....             (no ring)
HPRegen  1.14/turn              (no ring)
MPRegen  0.11/turn              (no ring)
                                (no ring)
                                (no ring)

@: heavily drained
A: almost no armour, amphibious, 8 rings, camouflage 1, gelatinous body 1,
(nimble swimmer 1), tentacles
a: no special abilities


You were on level 5 of the Dungeon.
You visited 1 branch of the dungeon, and saw 6 of its levels.

You collected 210 gold pieces.
You spent 26 gold pieces at shops.

Inventory:

Hand Weapons
 a - a +2 dagger
 d - a +1 dagger of freezing
 i - a +2 vampiric dagger (weapon)
Missiles
 b - 37 poisoned darts (quivered)
 c - 2 curare-tipped darts
 o - a throwing net
Armour
 k - a +2 hat (worn)
Jewellery
 l - an amulet of regeneration (around mantle)
Wands
 n - a wand of iceblast (10)
Scrolls
 e - 2 scrolls of magic mapping
 m - a scroll of fear
Potions
 g - a potion of curing
 h - a potion of ambrosia {unknown}
 j - 3 potions of attraction
 p - a potion of brilliance {unknown}


   Skills:
 - Level 2.0 Fighting
 - Level 2.0 Short Blades
 - Level 2.0 Throwing
 + Level 2.0 Dodging
 + Level 13.5 Stealth
 * Level 2.5 Hexes


You couldn't memorise any spells.
You knew the following spells:

 Your Spells              Type           Power      Damage    Failure   Level
a - Blink                 Tloc           N/A        N/A       38%         2
b - Ensorcelled Hibernat  Hex/Ice        6%         N/A       24%         2
c - Tukima's Dance        Hex            7%         N/A       28%         3

Your spell library contained the following spells:

 Spells                   Type           Power      Damage    Failure   Level
 Corona                   Hex            7%         N/A       10%         1
 Gell's Gravitas          Tloc           0%         N/A       63%         3
 Lesser Beckoning         Tloc           0%         N/A       63%         3
 Teleport Other           Tloc           0%         N/A       63%         3
 Manifold Assault         Tloc           0%         N/A       100%        5
 Dispersal                Tloc           0%         N/A       100%        6


Dungeon Overview and Level Annotations

Branches:
Dungeon (6/15)
 Temple: D:4-7

Altars:
Okawaru
Wu Jian
Xom
Beogh

Shops:
D:1 *   D:3 (*   D:5 (

Annotations:
D:3 3 runed translucent doors, Powertoast's ghost, weakling SpEn
D:6 Grinder


Innate Abilities, Weirdness & Mutations

You cannot wear most types of armour.
You are amphibious.
You can wear up to eight rings at the same time.
Your skin changes colour to match your surroundings (Stealth+).
Your rubbery body absorbs attacks. (AC +1, EV +1)
((You are camouflaged near water. (Stealth+)))
You have tentacles for arms and can constrict up to eight enemies at once.


Message History

You constrict the wight.
The wight hits you with a +3 great sword!
You feel drained.
You hit the wight but do no damage.
The wight is lightly damaged.
You constrict the wight, but do no damage.
The wight hits you with a +3 great sword!
You release your grip on the wight.
Grinder blinks!
Found a ring mail.
There is a stone staircase leading up here.
The wight closely misses you.
You climb upwards.
There is a stone staircase leading down here.
You hit the wight. Your grab misses the wight. You squeeze the wight.
The wight is heavily damaged.
The wight barely misses you.
You hit the wight but do no damage. You grab the wight.
The wight is heavily damaged.
You constrict the wight, but do no damage.
The wight hits you with a +3 great sword!
You feel drained.
You hit the wight but do no damage.
The wight is heavily damaged.
You constrict the wight.
The wight hits you with a +3 great sword!
You hit the wight but do no damage.
The wight is severely damaged.
You constrict the wight, but do no damage.
The wight hits you with a +3 great sword!
* * * LOW HITPOINT WARNING * * *
You feel drained.
* * * LOW HITPOINT WARNING * * *
You feel better.
You constrict the wight. The wight barely misses you.
You hit the wight but do no damage.
You squeeze the wight, but do no damage.
The wight is severely damaged.
You constrict the wight, but do no damage.
The wight hits you with a +3 great sword!
You die...

#### ###########
...###.........##########
........................#
..................#####.#
..................# #o#
###.#######.......#####.#
....#.....#....z..#..o..#
....#.....'...##@##'#####
....#.....#...........#
....#.....#...........#
....#######...........#
......................#
.......#####..........#
.......#####......(...#
>...............#######
.######.........#


You could see a wight.

Vanquished Creatures
  2 steam dragons (D:4)
  An ogre (D:5)
  A black bear (D:5)
  A centaur (D:6)
  A bullfrog (D:6)
  A scorpion (D:4)
  3 wights
  3 hounds
  An orc priest (D:3)
  A centaur skeleton (D:5)
  Jessica (D:2)
  Natasha (thrice) (D:2)
  An orc wizard (D:4)
  Robin (D:3)
  6 adders
  2 adder skeletons (D:4)
  A dart slug (D:1)
  6 orcs
  3 endoplasms
  6 giant cockroaches
  17 goblins
  11 hobgoblins
  2 jackals (D:2)
  A quokka (D:3)
  7 ball pythons
  11 bats
  2 frilled lizards
  A quokka skeleton (D:4)
  9 rats
106 creatures vanquished.

Vanquished Creatures (others)
  5 plants (D:2)
5 creatures vanquished.

Grand Total: 111 creatures vanquished

Notes
Turn   | Place    | Note
-------+----------+-------------------------------------------
     0 | D:1      | zeram the Octopode Brigand began the quest for the Orb.
     0 | D:1      | Reached XP level 1. HP: 14/14 MP: 1/1
   343 | D:1      | Found Muiwnimu's General Store.
   463 | D:1      | Reached XP level 2. HP: 19/19 MP: 2/2
   534 | D:1      | Reached skill level 6 in Stealth
   599 | D:1      | Found a faded altar of an unknown god.
  1119 | D:2      | Noticed Natasha
  1132 | D:2      | Killed Natasha
  1133 | D:2      | Reached skill level 7 in Stealth
  1133 | D:2      | Reached XP level 3. HP: 15/24 MP: 3/3
  1433 | D:2      | Noticed Jessica
  1441 | D:2      | Reached XP level 4. HP: 23/29 MP: 4/4
  1445 | D:2      | Killed Jessica
  1446 | D:2      | Reached skill level 8 in Stealth
  1616 | D:2      | Noticed Natasha
  1624 | D:2      | Killed Natasha
  1784 | D:2      | Noticed Natasha
  1790 | D:2      | Killed Natasha
  1791 | D:2      | Reached XP level 5. HP: 29/34 MP: 5/5
  2255 | D:3      | Found Giozyps's General Store.
  2263 | D:3      | Bought a scroll of identify for 26 gold pieces
  2271 | D:3      | Found Vasextik's Armour Shop.
  2328 | D:3      | Learned a level 2 spell: Ensorcelled Hibernation
  2343 | D:3      | Reached skill level 9 in Stealth
  2496 | D:3      | Found an iron altar of Okawaru.
  2602 | D:3      | Found a shimmering altar of Xom.
  2775 | D:3      | Reached XP level 6. HP: 23/39 MP: 6/6
  2779 | D:3      | Learned a level 3 spell: Tukima's Dance
  2930 | D:3      | Noticed Robin
  2941 | D:3      | Found Beorhicloo's Weapon Boutique.
  2973 | D:3      | Killed Robin
  2974 | D:3      | Reached skill level 10 in Stealth
  3268 | D:3      | Found a runed translucent gate.
  3268 | D:3      | Found a runed translucent gate.
  3268 | D:3      | Noticed Powertoast's ghost (weakling SpEn)
  3442 | D:3      | Found a runed translucent gate.
  3446 | D:3      | Identified the +4 leather armour of Defence {Dex+3}
  3533 | D:4      | Noticed a steam dragon
  3550 | D:4      | Killed a steam dragon
  3768 | D:4      | Reached skill level 11 in Stealth
  3981 | D:4      | Found an ornate altar of the Wu Jian Council.
  4065 | D:4      | Reached XP level 7. HP: 45/45 MP: 7/7
  4235 | D:4      | Noticed a steam dragon
  4238 | D:4      | Killed a steam dragon
  4239 | D:4      | Reached skill level 1 in Hexes
  4464 | D:5      | Entered Level 5 of the Dungeon
  4482 | D:5      | Reached skill level 12 in Stealth
  4566 | D:5      | Found Moil's Antique Weapon Emporium.
  4811 | D:5      | Reached XP level 8. HP: 50/50 MP: 8/8
  5119 | D:5      | Reached skill level 13 in Stealth
  5176 | D:5      | Learned a level 2 spell: Blink
  5278 | D:6      | Noticed Grinder
  5282 | D:6      | Paralysed by Grinder for 2 turns
  5307 | D:5      | Slain by a wight

Illustrated notes

Levels and vault maps discovered:
D:1:      dpeg_arrival_arbitrary_c, layout_basic,
          shapermc_ecumenical_altar_mp_vishouse, serial_shops,
          nicolae_square_shop, hangedman_decor_clover_reticule,
          serial_bayou_pond_b
D:2:      layout_rooms, serial_forest, infiniplex_forest_corner_1,
          infiniplex_forest_side_room, infiniplex_forest_clump_tiny,
          infiniplex_forest_clump_long, infiniplex_forest_lined_3,
          infiniplex_forest_lined_3, infiniplex_forest_corner_1,
          infiniplex_forest_straight_4, infiniplex_forest_lined_room_2,
          uniq_jessica, uniq_natasha
D:3:      layout_loops_ring, mainiacjoe_overflow_surrounded_room, tgw_xom,
          cheibrodos_sewer_entry_drain, serial_shops, shop,
          nicolae_shop_statue_plus, nicolae_shop_statue_plus,
          biasface_ghost_orc_armoury, uniq_robin
D:4:      layout_gridville, mainiacjoe_overflow_catwalk
D:5:      layout_basic, serial_shops, nicolae_inconvenience_store,
          nrook_mini_vaults, supply_closet_lemuel, moated_statue
D:6:      layout_layer_cave, zin_statuary, fedhas_altar_decomposition,
          minmay_temple_entry_glassed_door, uniq_maggie, uniq_grinder

Skill      XL: |  1  2  3  4  5  6  7  8 |
---------------+-------------------------+-----
Stealth        | 7 8 9 11 12 13 | 13.5
Hexes          | 1 2 |  2.5
Dodging        | 2 |  2.0
Fighting       | |  2.0
Short Blades   | |  2.0
Throwing       | |  2.0

Action                   |  1- 3 |  4- 6 |  7- 9 || total
-------------------------+-------+-------+-------++-------
Melee: Dagger            |    53 |   147 |    62 ||   262
       Constrict         |     7 |    34 |     7 ||    48
       Tentacles         |     5 |    28 |    11 ||    44
Throw: Dart              |     2 |       |       ||     2
  Use: Scroll            |     3 |     7 |     3 ||    13
       Potion            |       |     1 |     2 ||     3
 Stab: Sleeping          |    14 |     9 |    11 ||    34
       Distracted        |       |     1 |       ||     1
Armor: Skin              |    11 |    14 |     7 ||    32
Dodge: Dodged            |    23 |    73 |    38 ||   134
